NCAA
DUKE BLUE DEVILS @ MISSISSIPPI STATE BULLDOGS
05/21/2025
 
TOP OF THE 1ST
Duke Blue Devils batting - Pitching for Mississippi State Bulldogs : RHP Henry Carroll
Pitching: RHP Henry Carroll
Batting: LHB Vicente Chávez 0-0: Fly out, F4 (Popup, 34)
Batting: LHB Will Hill 0-0: Ball
1-0: Fly out, F8 (Flyball, 8RXD)
Batting: RHB Matt Osborne 0-0: Foul Ball, location: 2F
0-1: SINGLE (Flyball, 8RS)
Batting: RHB Albert Reaveley 0-0: Called Strike
0-1: Called Strike
0-2: Ball
1-2: Foul Ball, location: 2F
1-2: Ball
2-2: Ball
3-2: Base on Balls
Matt Osborne to second
Batting: RHB Jim Love 0-0: Swinging Strike
0-1: Ball
1-1: Ball
2-1: SINGLE (Line Drive, 7S)
Matt Osborne to third
Albert Reaveley to second
Runner from 3rd tries for Home, SAFE, no throw or cutoff
Batting: RHB John James 0-0: SINGLE (Flyball, 9S)
Albert Reaveley to third
Jim Love to second
Batting: RHB Jake Belcher 0-0: Called Strike
0-1: DOUBLE (Line Drive, 89M)
Albert Reaveley scores
Jim Love scores
John James to third
Runner from 3rd tries for Home, SAFE, no throw or cutoff
Batting: SHB Tomás Sánchez 0-0: Ball
1-0: Called Strike
1-1: SINGLE (Groundball, 34D)
Jake Belcher to third
Runner from 3rd tries for Home, SAFE, no throw or cutoff
Batting: RHB Jesús Herrera 0-0: Called Strike
0-1: Ball
1-1: Foul Ball, location: 2F
1-2: Foul Ball, location: 2F
1-2: Foul Ball, location: 2F
1-2: Foul Ball, location: 2F
1-2: Strikes out looking
Top of the 1st over - 5 run(s), 5 hit(s), 0 error(s), 1 left on base; Duke 5 - Mississippi State 0
BOTTOM OF THE 1ST
Mississippi State Bulldogs batting - Pitching for Duke Blue Devils : RHP Tim Horton
Pitching: RHP Tim Horton
Batting: RHB Cole Quintsey 0-0: Fly out, F8 (Flyball, 8RM)
Batting: LHB Marvin Nichols 0-0: SINGLE (Line Drive, 4MD)
Batting: RHB Johnny Williams 0-0: Ball
Marvin Nichols is caught stealing 2nd base
1-0: Called Strike
1-1: Ball
2-1: SOLO HOME RUN (Line Drive, 7LD), Distance : 332 ft
Batting: RHB Eric Thompson 0-0: Ground out 5-3 (Groundball, 56)
Bottom of the 1st over - 1 run(s), 2 hit(s), 0 error(s), 0 left on base; Duke 5 - Mississippi State 1
TOP OF THE 2ND
Duke Blue Devils batting - Pitching for Mississippi State Bulldogs : RHP Henry Carroll
Batting: LHB Vicente Chávez 0-0: Swinging Strike
0-1: Ball
1-1: Ball
2-1: Foul Ball, location: 2F
2-2: Strikes out swinging
Batting: LHB Will Hill 0-0: Called Strike
0-1: Foul Ball, location: 2F
0-2: Foul Ball, location: 2F
0-2: Ball
1-2: Strikes out swinging
Batting: RHB Matt Osborne 0-0: Ball
1-0: Ground out 5-3 (Groundball, 56)
Top of the 2nd over - 0 run(s), 0 hit(s), 0 error(s), 0 left on base; Duke 5 - Mississippi State 1
BOTTOM OF THE 2ND
Mississippi State Bulldogs batting - Pitching for Duke Blue Devils : RHP Tim Horton
Batting: RHB Larry Beauregard 0-0: Foul Ball, location: 2F
0-1: Foul Ball, location: 2F
0-2: Ball
1-2: Strikes out swinging
Batting: RHB Woody Wright 0-0: Ball
1-0: Called Strike
1-1: Ball
2-1: Ground out 6-3 (Groundball, 6)
Batting: SHB Rick Hinton 0-0: Ground out 3-1 (Groundball, 34S)
Bottom of the 2nd over - 0 run(s), 0 hit(s), 0 error(s), 0 left on base; Duke 5 - Mississippi State 1
TOP OF THE 3RD
Duke Blue Devils batting - Pitching for Mississippi State Bulldogs : RHP Henry Carroll
Batting: RHB Albert Reaveley 0-0: Ball
1-0: Called Strike
1-1: Swinging Strike
1-2: Foul Ball, location: 2F
1-2: Ball
2-2: SINGLE (Groundball, 5D)
Batting: RHB Jim Love 0-0: Called Strike
0-1: Ball
1-1: Ball
Albert Reaveley is caught stealing 2nd base
2-1: DOUBLE (Flyball, 7LM)
Batting: RHB John James 0-0: Ball
1-0: Swinging Strike
1-1: Ball
2-1: Foul Ball, location: 2F
2-2: SINGLE (Line Drive, 34)
Jim Love to third
Runner from 3rd tries for Home, SAFE, throw made home
Batting: RHB Jake Belcher 0-0: Called Strike
0-1: Fly out, F9 (Flyball, 9M)
Batting: SHB Tomás Sánchez 0-0: Ground out 4-3 (Groundball, 4S)
Top of the 3rd over - 1 run(s), 3 hit(s), 0 error(s), 1 left on base; Duke 6 - Mississippi State 1
BOTTOM OF THE 3RD
Mississippi State Bulldogs batting - Pitching for Duke Blue Devils : RHP Tim Horton
Batting: RHB Jeremy Davis 0-0: Ball
1-0: Ball
2-0: Called Strike
2-1: Ball
3-1: Base on Balls
Batting: SHB Alex Stewart 0-0: SINGLE (Line Drive, 9LM)
Jeremy Davis to second
Batting: RHB Cole Quintsey 0-0: Called Strike
0-1: Ball
1-1: Ball
2-1: Swinging Strike
2-2: Ball
3-2: Base on Balls
Jeremy Davis to third
Alex Stewart to second
Batting: LHB Marvin Nichols 0-0: Grounds into double play, U6-3 (Groundball, 6M)
Jeremy Davis scores
Alex Stewart to third
Batting: RHB Johnny Williams 0-0: Called Strike
0-1: Foul Ball, location: 2F
0-2: Ground out 1-3 (Groundball, 4M)
Bottom of the 3rd over - 1 run(s), 1 hit(s), 0 error(s), 1 left on base; Duke 6 - Mississippi State 2
TOP OF THE 4TH
Duke Blue Devils batting - Pitching for Mississippi State Bulldogs : RHP Henry Carroll
Pitching: RHP Rick Schneider
Batting: RHB Jesús Herrera 0-0: Ball
1-0: Called Strike
1-1: Ball
2-1: Ball
3-1: Foul Ball, location: 2F
3-2: Base on Balls
Batting: LHB Vicente Chávez 0-0: Called Strike
0-1: Ball
1-1: Ball
2-1: Foul Ball, location: 2F
2-2: Foul Ball, location: 2F
2-2: Strikes out looking
Batting: LHB Will Hill 0-0: Swinging Strike
0-1: Swinging Strike
0-2: Ball
1-2: Ball
2-2: Ball
3-2: Strikes out looking
Batting: RHB Matt Osborne 0-0: Foul Ball, location: 2F
0-1: Called Strike
0-2: Ball
1-2: Ball
2-2: Ball
3-2: Ground out 5-3 (Groundball, 56S)
Top of the 4th over - 0 run(s), 0 hit(s), 0 error(s), 1 left on base; Duke 6 - Mississippi State 2
BOTTOM OF THE 4TH
Mississippi State Bulldogs batting - Pitching for Duke Blue Devils : RHP Tim Horton
Batting: RHB Eric Thompson 0-0: Ball
1-0: Ball
2-0: Ball
3-0: Base on Balls
Batting: RHB Larry Beauregard 0-0: Called Strike
0-1: Called Strike
0-2: SINGLE (Groundball, 56D) (infield hit)
Eric Thompson to second
Batting: RHB Woody Wright 0-0: Ball
1-0: Called Strike
1-1: Foul Ball, location: 2F
1-2: Foul Ball, location: 2F
1-2: Ball
2-2: Ball
3-2: Foul Ball, location: 2F
3-2: Strikes out swinging
Batting: SHB Rick Hinton 0-0: Called Strike
0-1: Grounds into double play, U3-6 (Groundball, 3L)
Bottom of the 4th over - 0 run(s), 1 hit(s), 0 error(s), 1 left on base; Duke 6 - Mississippi State 2
TOP OF THE 5TH
Duke Blue Devils batting - Pitching for Mississippi State Bulldogs : RHP Rick Schneider
Batting: RHB Albert Reaveley 0-0: Called Strike
0-1: SINGLE (Groundball, 34)
Batting: RHB Jim Love 0-0: Grounds into double play, 5-4-3 (Groundball, 5)
Batting: RHB John James 0-0: DOUBLE (Flyball, 7M)
Batting: RHB Jake Belcher 0-0: Foul Ball, location: 2F
0-1: Foul Ball, location: 2F
0-2: Ground out 5-3 (Groundball, 5S)
Top of the 5th over - 0 run(s), 2 hit(s), 0 error(s), 1 left on base; Duke 6 - Mississippi State 2
BOTTOM OF THE 5TH
Mississippi State Bulldogs batting - Pitching for Duke Blue Devils : RHP Tim Horton
Batting: RHB Jeremy Davis 0-0: Ball
1-0: Foul Ball, location: 2F
1-1: Ball
2-1: Ball
3-1: Base on Balls
Batting: SHB Alex Stewart 0-0: Ball
1-0: Ball
2-0: Ball
3-0: Called Strike
3-1: Base on Balls
Jeremy Davis to second
Batting: RHB Cole Quintsey 0-0: Ball
1-0: Ball
2-0: Swinging Strike
2-1: Ball
3-1: Called Strike
3-2: Base on Balls
Jeremy Davis to third
Alex Stewart to second
Batting: LHB Marvin Nichols 0-0: Called Strike
0-1: Foul Ball, location: 2F
0-2: Fly out, F2 (Popup, 2RF)
Batting: RHB Johnny Williams 0-0: Reached on error, E5 (Groundball, 5S)
Jeremy Davis scores
Alex Stewart to third
Cole Quintsey to second
Batting: RHB Eric Thompson 0-0: SINGLE (Flyball, 9S)
Alex Stewart scores
Cole Quintsey to third
Johnny Williams to second
Runner from 3rd tries for Home, SAFE, no throw or cutoff
Batting: RHB Larry Beauregard 0-0: Ball
1-0: Ball
2-0: Called Strike
2-1: Grounds into double play, 5-4-3 (Groundball, 5)
Bottom of the 5th over - 3 run(s), 1 hit(s), 1 error(s), 1 left on base; Duke 6 - Mississippi State 5
TOP OF THE 6TH
Duke Blue Devils batting - Pitching for Mississippi State Bulldogs : RHP Rick Schneider
Batting: SHB Tomás Sánchez 0-0: Ball
1-0: Foul Ball, location: 2F
1-1: Ball
2-1: Ball
3-1: Foul Ball, location: 2F
3-2: Foul Ball, location: 2F
3-2: Foul Ball, location: 2F
3-2: Foul Ball, location: 2F
3-2: Foul Ball, location: 2F
3-2: Foul Ball, location: 2F
3-2: Base on Balls
Pitching: LHP Gonzalo Ramos
Batting: RHB Jesús Herrera 0-0: Ball
Wild Pitch!
Tomás Sánchez to second
1-0: Called Strike
1-1: Swinging Strike
1-2: Strikes out looking
Batting: LHB Vicente Chávez 0-0: Intentional Walk
Batting: LHB Will Hill 0-0: Ball
1-0: Swinging Strike
1-1: Ball
2-1: Grounds into double play, U4-3 (Groundball, 4)
Top of the 6th over - 0 run(s), 0 hit(s), 0 error(s), 1 left on base; Duke 6 - Mississippi State 5
BOTTOM OF THE 6TH
Mississippi State Bulldogs batting - Pitching for Duke Blue Devils : RHP Tim Horton
Batting: RHB Woody Wright 0-0: Called Strike
0-1: Ground out 4-3 (Groundball, 4)
Batting: SHB Rick Hinton 0-0: Ground out 6-3 (Groundball, 6)
Batting: RHB Jeremy Davis 0-0: Foul Ball, location: 2F
0-1: Ground out 5-3 (Groundball, 56S)
Bottom of the 6th over - 0 run(s), 0 hit(s), 0 error(s), 0 left on base; Duke 6 - Mississippi State 5
TOP OF THE 7TH
Duke Blue Devils batting - Pitching for Mississippi State Bulldogs : LHP Gonzalo Ramos
Batting: RHB Matt Osborne 0-0: Foul Ball, location: 2F
0-1: Called Strike
0-2: Foul Ball, location: 2F
0-2: Foul Ball, location: 2F
0-2: Ball
1-2: Ground out 5-3 (Groundball, 5)
Batting: RHB Albert Reaveley 0-0: Ball
1-0: Called Strike
1-1: Ball
2-1: Called Strike
2-2: Ball
3-2: Base on Balls
Batting: RHB Jim Love 0-0: Called Strike
0-1: Ball
1-1: Ball
2-1: Ball
3-1: Swinging Strike
3-2: Foul Ball, location: 2F
3-2: Strikes out swinging
Batting: RHB John James 0-0: Called Strike
0-1: Ball
1-1: Swinging Strike
1-2: Strikes out swinging
Top of the 7th over - 0 run(s), 0 hit(s), 0 error(s), 1 left on base; Duke 6 - Mississippi State 5
BOTTOM OF THE 7TH
Mississippi State Bulldogs batting - Pitching for Duke Blue Devils : RHP Tim Horton
Batting: SHB Alex Stewart 0-0: Ball
1-0: Ball
2-0: Swinging Strike
2-1: Ball
3-1: Base on Balls
Pitching: RHP Jonas Davis
Batting: RHB Cole Quintsey 0-0: Reached on error, E1 (Groundball, 15)
Alex Stewart to second
Batting: LHB Marvin Nichols 0-0: Foul Ball, location: 2F
0-1: Ball
1-1: Bunted foul
1-2: Fly out, F9 (Flyball, 9D)
Runner from 2nd tags up, SAFE at 3rd, no throw
Batting: RHB Johnny Williams 0-0: Ball
1-0: Called Strike
1-1: Ball
2-1: Foul Ball, location: 2F
2-2: Strikes out looking
Batting: RHB Eric Thompson 0-0: Ball
1-0: Foul Ball, location: 2F
1-1: Ball
2-1: Ball
3-1: Base on Balls
Cole Quintsey to second
Batting: RHB Larry Beauregard 0-0: Ball
1-0: Fly out, F3 (Popup, 3S)
Bottom of the 7th over - 0 run(s), 0 hit(s), 1 error(s), 3 left on base; Duke 6 - Mississippi State 5
TOP OF THE 8TH
Duke Blue Devils batting - Pitching for Mississippi State Bulldogs : LHP Gonzalo Ramos
Pitching: RHP Chris Ervin
Batting: RHB Jake Belcher 0-0: Ball
1-0: Called Strike
1-1: Ball
2-1: Fly out, F9 (Flyball, 89M)
Batting: SHB Tomás Sánchez 0-0: Swinging Strike
0-1: Called Strike
0-2: Ball
1-2: Strikes out swinging
Batting: RHB Jesús Herrera 0-0: Called Strike
0-1: Ball
1-1: Foul Ball, location: 2F
1-2: Foul Ball, location: 2F
1-2: Fly out, F2 (Popup, 2LF)
Top of the 8th over - 0 run(s), 0 hit(s), 0 error(s), 0 left on base; Duke 6 - Mississippi State 5
BOTTOM OF THE 8TH
Mississippi State Bulldogs batting - Pitching for Duke Blue Devils : RHP Jonas Davis
Pitching: RHP Matt Phillips
Batting: RHB Woody Wright 0-0: Ball
1-0: Swinging Strike
1-1: Ball
2-1: Foul Ball, location: 2F
2-2: Foul Ball, location: 2F
2-2: Ball
3-2: Foul Ball, location: 2F
3-2: Foul Ball, location: 2F
3-2: Base on Balls
Batting: SHB Rick Hinton 0-0: Bunted foul
0-1: Bunt missed!
0-2: Foul Ball, location: 2F
0-2: Foul Ball, location: 2F
0-2: Foul Ball, location: 2F
0-2: Strikes out swinging
Batting: RHB Jeremy Davis 0-0: Ball
1-0: Ball
2-0: Called Strike
2-1: Ground out 5-3 (Groundball, 56)
Woody Wright to second
Batting: SHB Alex Stewart 0-0: Ball
1-0: Called Strike
1-1: Called Strike
1-2: Ball
2-2: Ball
3-2: Foul Ball, location: 2F
3-2: Foul Ball, location: 2F
3-2: Base on Balls
Batting: RHB Cole Quintsey 0-0: Ball
1-0: Foul Ball, location: 2F
1-1: Called Strike
1-2: Ground out 4-3 (Groundball, 4)
Bottom of the 8th over - 0 run(s), 0 hit(s), 0 error(s), 2 left on base; Duke 6 - Mississippi State 5
TOP OF THE 9TH
Duke Blue Devils batting - Pitching for Mississippi State Bulldogs : RHP Chris Ervin
Batting: LHB Vicente Chávez 0-0: Ball
1-0: Ball
2-0: Called Strike
2-1: Called Strike
2-2: Strikes out swinging
Batting: LHB Will Hill 0-0: Ball
1-0: Ball
2-0: Foul Ball, location: 2F
2-1: Ground out 4-3 (Groundball, 34)
Batting: RHB Matt Osborne 0-0: Called Strike
0-1: Called Strike
0-2: Strikes out swinging
Top of the 9th over - 0 run(s), 0 hit(s), 0 error(s), 0 left on base; Duke 6 - Mississippi State 5
BOTTOM OF THE 9TH
Mississippi State Bulldogs batting - Pitching for Duke Blue Devils : RHP Matt Phillips
Pitching: LHP Woodrow Mitchell
Now at SS: José Reyes
Batting: LHB Marvin Nichols 0-0: Foul Ball, location: 2F
0-1: Ball
1-1: Foul Ball, location: 2F
1-2: Ball
2-2: Ball
3-2: Base on Balls
Batting: RHB Johnny Williams 0-0: Swinging Strike
0-1: Swinging Strike
0-2: Foul Ball, location: 2F
0-2: Fielders Choice at 2nd, 1-6 (Groundball, 13)
Batting: RHB Eric Thompson 0-0: Called Strike
0-1: Called Strike
0-2: Strikes out looking
Batting: RHB Larry Beauregard 0-0: Fly out, F7 (Flyball, 78M)
Bottom of the 9th over - 0 run(s), 0 hit(s), 0 error(s), 1 left on base; Duke 6 - Mississippi State 5
This league is powered by Out of the Park Baseball, the baseball management simulation game for PC, Mac and Linux
Tuesday, August 2nd, 2016 - OOTP Baseball 16.8 Build 38